 Dungeon Crawl Stone Soup version 0.29-a0-870-g2c972031a6 (webtiles) character file.

Game seed: 12864349551899076314

1484502 chickadee the Acrobat (level 27, 221/221 HPs)
             Began as a Gnoll Fighter on July 4, 2022.
             Was an Initiate of Gozag.
             Escaped with the Orb
             ... and 3 runes on July 18, 2022!
             The game lasted 15:30:49 (86260 turns).

chickadee the Acrobat (Gnoll Fighter)              Turns: 86260, Time: 15:30:49

Health: 221/221    AC: 42    Str: 29    XL:     27
Magic:  54/54      EV: 21    Int: 17    God:    Gozag
Gold:   1268       SH: 21    Dex: 20    Spells: 9/62 levels left

rFire   + + .      SeeInvis .   a - +9 demon trident (freeze)
rCold   + + +      Faith    .   W - +5 kite shield {AC+3}
rNeg    + + .      Spirit   .   L - +10 plate armour of Orthodoxy {rPois rC+ MP+9 Int+4}
rPois   +          Reflect  .   u - +2 hat {Will+}
rElec   +          Harm     .   I - +2 cloak
rCorr   +          Rampage  .   o - +0 pair of gloves "Baureij" {rF+ rC+ Str+3 Slay+3}
Will    +++..                   y - +1 pair of boots of Analysis {Fly rC+}
Stlth   +.........              H - amulet of Nihilism {rElec rF+ Regen+ rCorr}
HPRegen 1.26/turn               w - ring "Deut Via" {rF- rN++ Int+4 Dex+6}
MPRegen 0.34/turn               m - ring of protection from fire

@: gold aura, flying, hasted, studying 4 skills, very quick
A: fangs 1, strong nose, distributed training
0: Orb of Zot
}: 3/15 runes: decaying, serpentine, silver
a: Renounce Religion, Potion Petition, Call Merchant, Bribe Branch


You escaped.
You worshipped Gozag.
Gozag was most pleased with you.
You visited 11 branches of the dungeon, and saw 51 of its levels.
You visited 1 bazaar.
You also visited: Ice Cave and Volcano.

You collected 28841 gold pieces.
You spent 6126 gold pieces at shops.
You paid 21447 gold pieces to Gozag.

Inventory:

Hand Weapons
 a - a +9 demon trident of freezing (weapon)
 b - the +11 flail of Lust {flame, rC++ Int+2 SInv}
   (You bought it in a shop on level 2 of the Orcish Mines)

   It burns those it strikes, dealing additional fire damage.
   Int:       It affects your intelligence (+2).
   rC:        It greatly protects you from cold.
   SInv:      It lets you see invisible.
Missiles
 s - 7 curare-tipped darts
 A - 13 boomerangs (quivered)
 S - 5 throwing nets
 T - 9 javelins
Armour
 o - the +0 pair of gloves "Baureij" (worn) {rF+ rC+ Str+3 Slay+3}
   (You found it on level 3 of the Lair of Beasts)

   Str:       It affects your strength (+3).
   Slay:      It affects your accuracy & damage with ranged weapons and melee
   (+3).
   rF:        It protects you from fire.
   rC:        It protects you from cold.
 u - a +2 hat of willpower (worn)
 y - the +1 pair of boots of Analysis (worn) {Fly rC+}
   (You bought it in a shop in a bazaar)

   rC:        It protects you from cold.
   Fly:       It grants you flight.
 I - a +2 cloak (worn)
 L - the +10 plate armour of Orthodoxy (worn) {rPois rC+ MP+9 Int+4}
   (You found it on level 3 of the Depths)

   Int:       It affects your intelligence (+4).
   rC:        It protects you from cold.
   rPois:     It protects you from poison.
   MP:        It affects your magic capacity (+9).
 W - a +5 kite shield of protection (worn)
Jewellery
 m - a ring of protection from fire (right hand)
 p - a +6 ring of strength
 w - the ring "Deut Via" (left hand) {rF- rN++ Int+4 Dex+6}
   (You took it off a gnoll on level 9 of the Dungeon)

   [ring of dexterity]

   Int:       It affects your intelligence (+4).
   Dex:       It affects your dexterity (+6).
   rF:        It makes you vulnerable to fire.
   rN:        It greatly protects you from negative energy.
 D - a ring of willpower
 H - the amulet of Nihilism (around neck) {rElec rF+ Regen+ rCorr}
   (You bought it in a shop on level 1 of the Elven Halls)

   [amulet of regeneration]

   rF:        It protects you from fire.
   rElec:     It insulates you from electricity.
   Regen:     It increases your rate of health regeneration.
   rCorr:     It protects you from acid and corrosion.
Wands
 g - a wand of paralysis (32)
 v - a wand of light (19)
 x - a wand of roots (11)
 G - a wand of digging (16) {@v3}
 J - a wand of mindburst (34)
 P - a wand of polymorph (9)
Scrolls
 i - 9 scrolls of fear
 k - 20 scrolls of teleportation {@r3}
 t - 2 scrolls of magic mapping {@r5}
 z - 3 scrolls of summoning
 E - 4 scrolls of blinking {@r4}
 M - 14 scrolls of vulnerability
 N - 3 scrolls of silence
 V - 13 scrolls of fog
 X - 12 scrolls of poison
 Z - 7 scrolls of immolation
Potions
 d - 3 potions of might {@q3}
 f - 2 potions of haste {@q4}
 h - 7 potions of resistance {@q5}
 j - 4 potions of ambrosia
 l - 6 potions of magic
 n - 4 potions of cancellation
 r - 7 potions of lignification
 B - a potion of mutation
 F - 9 potions of curing {@q1}
 K - 6 potions of brilliance
 O - 3 potions of invisibility
 R - 9 potions of heal wounds {@q2}
 U - 4 potions of berserk rage
Miscellaneous
 c - a phial of floods
 e - a lightning rod (4/4)
 q - a phantom mirror
 C - a condenser vane
 Q - a tin of tremorstones (2/2)
 Y - a box of beasts (inert)


   Skills:
 + Level 19.1 Fighting
 + Level 18.1 Short Blades
 + Level 18.1 Long Blades
 + Level 20.5 Axes
 + Level 18.1 Maces & Flails
 + Level 18.1 Polearms
 + Level 18.1 Staves
 + Level 20.4 Ranged Weapons
 + Level 18.1 Throwing
 + Level 20.3 Armour
 + Level 21.5 Dodging
 + Level 18.1 Stealth
 + Level 19.1 Shields
 + Level 18.1 Unarmed Combat
 + Level 18.1 Spellcasting
 + Level 15.4 Conjurations
 + Level 15.4 Hexes
 + Level 15.4 Summonings
 + Level 15.4 Necromancy
 + Level 15.4 Translocations
 + Level 15.4 Transmutations
 + Level 15.4 Fire Magic
 + Level 15.4 Ice Magic
 + Level 15.4 Air Magic
 + Level 15.4 Earth Magic
 + Level 15.4 Poison Magic
 + Level 19.6 Invocations
 + Level 18.1 Evocations


You had 9 spell levels left.
You knew the following spells:

 Your Spells              Type           Power      Damage    Failure   Level
a - Summon Forest         Summ/Tloc      30%        N/A       1%          5
b - Summon Mana Viper     Hex/Summ       61%        N/A       1%          5
c - Wereblood             Tmut           61%        N/A       1%          2
d - Borgnjor's Vile Clut  Necr/Erth      30%        N/A       1%          5
e - Swiftness             Air            61%        N/A       1%          3
f - Passwall              Tmut/Erth      50%        N/A       1%          2
g - Passage of Golubria   Tloc           61%        N/A       1%          4
h - Vampiric Draining     Necr           61%        2d10      1%          3
i - Slow                  Hex            100%       N/A       1%          1
j - Apportation           Tloc           100%       N/A       1%          1
k - Yara's Violent Unrav  Hex/Tmut       30%        3d13      1%          5
l - Fireball              Conj/Fire      30%        3d13      1%          5
m - Death Channel         Necr           30%        N/A       6%          6
n - Summon Cactus Giant   Summ           30%        N/A       6%          6

Your spell library contained the following spells:

 Spells                   Type           Power      Damage    Failure   Level
 Beastly Appendage        Tmut           100%       N/A       1%          1
 Magic Dart               Conj           100%       1d8       1%          1
 Necrotise                Necr           100%       1d9       1%          1
 Sandblast                Erth           100%       2d20      1%          1
 Shock                    Conj/Air       100%       1d9       1%          1
 Sting                    Tmut/Pois      100%       1d8       1%          1
 Summon Small Mammal      Summ           100%       N/A       1%          1
 Ensorcelled Hibernation  Hex/Ice        100%       N/A       1%          2
 Poisonous Vapours        Pois/Air       100%       N/A       1%          2
 Scorch                   Fire           100%       2d10      1%          2
 Searing Ray              Conj           100%       2d8       1%          2
 Static Discharge         Conj/Air       61%        3-11/arc  1%          2
 Sublimation of Blood     Necr           61%        N/A       1%          2
 Call Canine Familiar     Summ           61%        N/A       1%          3
 Confusing Touch          Hex            61%        N/A       1%          3
 Conjure Flame            Conj/Fire      61%        6-21      1%          3
 Ignite Poison            Fire/Tmut/Pois 61%        N/A       1%          3
 Mephitic Cloud           Conj/Pois/Air  61%        N/A       1%          3
 Ozocubu's Armour         Ice            61%        N/A       1%          3
 Portal Projectile        Hex/Tloc       100%       N/A       1%          3
 Spider Form              Tmut/Pois      61%        N/A       1%          3
 Stone Arrow              Conj/Erth      100%       3d13      1%          3
 Summon Guardian Golem    Hex/Summ       61%        N/A       1%          3
 Teleport Other           Tloc           61%        N/A       1%          3
 Tukima's Dance           Hex            61%        N/A       1%          3
 Airstrike                Air            30%        0-10+     1%          4
 Anguish                  Hex/Necr       30%        N/A       1%          4
 Dispel Undead            Necr           61%        3d21      1%          4
 Flame Wave               Conj/Fire      61%        2d12      1%          4
 Fulminant Prism          Conj/Hex       30%        3d16      1%          4
 Hailstorm                Conj/Ice       61%        3d13      1%          4
 Ice Form                 Ice/Tmut       61%        N/A       1%          4
 Leda's Liquefaction      Hex/Erth       30%        N/A       1%          4
 Olgreb's Toxic Radiance  Pois           61%        N/A       1%          4
 Petrify                  Tmut/Erth      61%        N/A       1%          4
 Sticky Flame             Conj/Fire      61%        2d8       1%          4
 Alistair's Intoxication  Tmut/Pois      40%        N/A       1%          5
 Freezing Cloud           Conj/Ice/Air   30%        6-21      1%          5
 Iskenderun's Battlesphe  Conj           61%        2d11      1%          5
 Lee's Rapid Deconstruct  Erth           30%        3d17*     1%          5
 Metabolic Englaciation   Hex/Ice        30%        N/A       1%          5
 Conjure Ball Lightning   Conj/Air       30%        3x3d10    6%          6
 Statue Form              Tmut/Erth      40%        N/A       6%          6
 Enfeeble                 Hex            30%        N/A       34%         7
 Orb of Destruction       Conj           30%        9d10      34%         7
 Summon Hydra             Summ           30%        N/A       34%         7
 Discord                  Hex            30%        N/A       95%         8
 Disjunction              Tloc           30%        N/A       95%         8
 Necromutation            Tmut/Necr      30%        N/A       95%         8
 Animate Dead             Necr           Unusable   N/A       N/A         4
 Simulacrum               Ice/Necr       Unusable   N/A       N/A         6

Dungeon Overview and Level Annotations

Branches:
Dungeon (15/15)            Temple (1/1) D:5            Lair (5/6) D:8
  Swamp (4/4) Lair:3        Snake (4/4) Lair:2        Slime (0/5) Lair:5
    Orc (2/2) D:10            Elf (3/3) Orc:2        Vaults (5/5) D:14
  Crypt (3/3) Vaults:2       Tomb (0/3) Crypt:3      Depths (4/4) D:15
    Zot (5/5) Depths:4      IceCv (visited)         Volcano (visited)

Altars:
Ashenzari
Cheibriados
Dithmenos
Elyvilon
Fedhas
Gozag
Hepliaklqana
Kikubaaqudgha
Makhleb
Nemelex Xobeh
Okawaru
Qazlal
Ru
Sif Muna
Trog
Uskayaw
Vehumet
Wu Jian
Xom
Yredelemnul
Zin
The Shining One

Shops:
D:10 [(   D:11 *   Orc:2 ([!*(   Elf:1 =   Elf:2 (   Snake:2 !   Snake:3 [(
Snake:4 [   Vaults:3 [*   Vaults:4 [   Vaults:5 [**

Portals:
Hell: Depths:1 Depths:2 Depths:3 Depths:4
Abyss: Depths:3 Depths:4
Pandemonium: Depths:2
Ziggurat: Depths:2

Annotations:
D:3 exclusion: downstairs
D:5 exclusion: downstairs
D:8 exclusion: downstairs
D:14 exclusion: obsidian statue
D:15 2 transporters, zhov's ghost, journeyman DsFi
Lair:1 exclusion: 2 downstairs
Lair:5 1 runed translucent door
Swamp:2 exclusion: downstairs
Snake:2 exclusion: downstairs
Vaults:1 4 exclusions, Zenata
Depths:2 exclusions: 2 ancient liches and 2 more exclusions, Mara
Depths:3 1 exclusion
Depths:4 exclusion: 4 draconian stormcallers
Zot:1 1 transporter
Zot:5 exclusions: 2 upstairs and 2 more exclusions


Innate Abilities, Weirdness & Mutations

You have very sharp teeth.
Your uncanny sense of smell can sniff out nearby items.
Your experience applies equally to all skills.


Message History

You partially resist.
Press: ? - help, v - describe, . - travel The floor.
This square is covered in magical glow.
Reach: a) +9 demon trident (freeze)
Press: ? - help, Dir - move target, f - red devil
Aim: a red devil, wielding a +0 demon trident of draining (about 25% to evade your +9 demon trident of freezing)
Okay, then.
Aiming: Paralyse
Press: ? - help, Shift-Dir - straight line, f - red devil
Aim: a red devil, wielding a +0 demon trident of draining (chance to affect: 50%)
Okay, then.
Okay, then.
Press: ? - help, v - describe, . - travel
Here: a red devil, wielding a +0 demon trident of draining The floor.
Unknown command.
Aiming: Bolt of Light
Press: ? - help, Shift-Dir - straight line, f - red devil
Aim: a red devil, wielding a +0 demon trident of draining (69% to hit)
The bolt of light hits the red devil!!!
You kill the red devil!
Aiming: Dig
Press: ? - help, Shift-Dir - straight line You can't see that place. [a rock wall.]
The rock shatters into small pieces.
Blink to where?
Press: ? - help, Dir - move target
As you read the scroll of blinking {@r4}, it crumbles to dust.
Blink to where?
Press: ? - help, Dir - move target
As you read the scroll of blinking {@r4}, it crumbles to dust.
Blink to where?
Press: ? - help, Dir - move target
As you read the scroll of blinking {@r4}, it crumbles to dust.
You open the lid... ...and an elder weirdsting beast leaps out!
The box is emptied!
You have escaped!

............$.....)....#
###.####.....§.....)...#
..#.# ##..............#
..#.# #..............#
..#.# #.........######
..#.# ####.###### ..#.#
#....####### ..#.##
#.8..#.....# ..#..#
#..§.#.H@..#
.###.####...##.....#
.###....#.≈.##.....#
..##..#.#.≈..'.....#
#..#....#.≈.##.....#
##......#.≈.##.....#
##...)..#...##.....#
...#.#......########
...#.#.)##############


You could see a friendly elder weirdsting beast (summoned).

Vanquished Creatures
  A dread lich (Depths:4)
  A juggernaut (Depths:3)
  Sojobo (Vaults:2)
  Vv (Depths:2)
  Frederick (Crypt:3)
  4 Killer Klowns
  Bai Suzhen (Vaults:2)
  A curse toe (Zot:3)
  2 caustic shrikes
  8 golden dragons
  A profane servitor (Crypt:3)
  Nikola (Depths:2)
  A bone dragon (Crypt:3)
  11 tentacled monstrosities
  An electric golem (Zot:1)
  Rupert (D:12)
  A walking crystal tome (Depths:3)
  Mlioglotl (Snake:2)
  The ghost of Cecillian the Marksgnoll, an adept GnHu of Cheibriados (Vaults:2)
  8 Orb Guardians
  3 liches
  A walking divine tome (Depths:3)
  2 deep elf blademasters (Elf:3)
  5 quicksilver dragons
  2 deep elf master archers (Elf:3)
  2 titans
  Asterion (Vaults:2)
  A walking frostbound tome (Depths:2)
  7 death cobs
  4 sphinxes (Depths:3)
  4 ancient champions
  Gastronok (Lair:2)
  8 storm dragons
  8 thorn hunters
  5 tengu reavers
  7 nagarajas (Snake:4)
  Donald (Vaults:2)
  6 shadow dragons
  3 revenants
  2 draconian knights
  A draconian monk (Zot:3)
  4 fenstrider witches
  4 fire giants
  9 frost giants
  4 deep elf sorcerers
  3 draconian shifters
  3 iron dragons (Depths:3)
  Aizul (Snake:2)
  8 vault wardens
  2 draconian stormcallers
  An orc warlord (Orc:2)
  8 ghouls
  12 ironbound preservers
  A curse skull (Crypt:3)
  5 deep elf elementalists
  2 spriggan defenders (Depths:3)
  3 war gargoyles
  A reaper (IceCv)
  9 stone giants
  2 draconian annihilators
  3 eleionomae (Swamp:2)
  4 ironbound thunderhulks
  2 green draconians
  9 very ugly things
  4 black draconians
  3 vampire knights
  2 white draconians
  A lorocyproca (Depths:2)
  5 deep elf annihilators
  3 purple draconians
  5 dire elephants
  4 red draconians
  A yellow draconian (Zot:3)
  3 deep elf demonologists (Elf:3)
  The ghost of Kailexub the Peltast, a journeyman MiFi of Cheibriados (D:13)
  9 spark wasps
  10 bunyips
  A green death (Swamp:3)
  A merfolk javelineer (Depths:3)
  A merfolk impaler (Depths:4)
  13 deep elf death magi
  A shambling mangrove (Swamp:4)
  A crystal guardian (Vaults:4)
  10 yaktaur captains
  2 rakshasas
  4 deep elf high priests
  9 fire dragons
  14 jiangshi
  6 ettins
  3 great orbs of eyes
  A quicksilver dragon skeleton (Crypt:2)
  5 boulder beetles
  17 vault guards
  A salamander tyrant (Snake:4)
  20 hydras
  A catoblepas (Lair:4)
  Harold (D:10)
  2 peacekeepers
  4 ogre magi
  3 ice dragons (Depths:3)
  5 spriggan air magi
  7 ironbound frosthearts
  7 two-headed ogres
  12 anacondas
  13 alligators
  5 death knights
  7 centaur warriors
  5 death yaks
  14 naga warriors
  6 deep troll shamans
  6 shock serpents
  2 orc high priests
  10 deep troll earth magi
  3 tengu warriors
  2 spriggan berserkers
  7 vampire magi
  4 soul eaters
  14 naga sharpshooters
  19 hell knights
  11 deep elf knights
  8 iron trolls
  8 salamander mystics
  2 sixfirhies
  6 shadow wraiths
  26 skeletal warriors
  4 death drakes
  62 deep trolls
  8 goliath frogs
  2 glowing orange brains
  Pikel (D:6)
  9 ironbound convokers
  7 naga ritualists
  6 spriggan druids
  4 swamp dragons
  4 flayed ghosts
  5 deep elf archers (Elf:2)
  6 bog bodies
  5 necromancers
  5 phantasmal warriors
  8 wizards
  6 lindwurms
  8 mana vipers
  18 deep elf zephyrmancers
  6 cyclopes
  5 will-o-the-wisps
  22 deep elf pyromancers
  7 orc sorcerers
  5 orc knights
  4 manticores
  A cyclops (shapeshifter) (Elf:2)
  11 moths of wrath
  11 elephants
  32 black mambas
  21 ugly things
  15 naga magi
  6 guardian serpents
  2 water nymphs (shapeshifter)
  2 ice statues (IceCv)
  24 salamanders
  A goliath frog skeleton (Crypt:1)
  11 cane toads
  5 vault sentinels
  A rust devil (Zot:5)
  A smoke demon (Depths:2)
  5 gargoyles
  13 yaktaurs
  A rime drake (Lair:4)
  A centaur skeleton (Crypt:3)
  2 orange demons
  8 freezing wraiths
  10 komodo dragons
  A steelbarb worm zombie (Crypt:2)
  An efreet (Volcano)
  8 ice devils (IceCv)
  A komodo dragon (shapeshifter) (D:9)
  6 tengu conjurers
  An entropy weaver simulacrum (IceCv)
  3 hellwings
  2 red devils
  2 spectral harpies (Crypt:3)
  A grey draconian skeleton (Crypt:1)
  7 tyrant leeches
  A bloated husk (Swamp:2)
  9 meliai
  A polar bear (Lair:4)
  8 trolls
  2 nameless horrors
  A wolf spider simulacrum (D:15)
  A mana viper skeleton (Crypt:1)
  12 hornets
  51 slime creatures
  7 blink frogs
  13 dream sheep
  A death drake skeleton (Crypt:1)
  Sigmund (D:5)
  2 air elementals
  A ynoxinul (Zot:1)
  A satyr skeleton (Crypt:2)
  A fire dragon skeleton (Crypt:1)
  42 flying skulls (Crypt:3)
  12 spriggans
  8 water elementals
  A dire elephant simulacrum (IceCv)
  36 yaks
  2 shadows (Crypt:3)
  3 wyverns
  7 large abominations
  8 wraiths
  4 fire elementals
  A tyrant leech zombie (Crypt:1)
  4 basilisks
  2 steam dragons
  A death yak simulacrum (IceCv)
  2 neqoxecs (Swamp:4)
  3 vampire mosquitoes
  2 chaos spawn (Swamp:4)
  19 swamp worms
  A harpy simulacrum (IceCv)
  37 nagas
  3 wargs
  4 acid dragons
  14 water moccasins
  Duvessa (D:4)
  A floating eye (Depths:3)
  A faun skeleton (Crypt:1)
  7 hell hounds (D:10)
  30 orc warriors
  3 black bears
  3 sky beasts
  2 swamp drakes
  An ice beast (D:8)
  A black bear (shapeshifter) (Depths:3)
  A golden eye zombie (Crypt:1)
  10 ogres
  16 wolves
  9 centaurs
  A lindwurm skeleton (Crypt:2)
  3 elf zombies (Elf:1)
  3 kobold brigands
  12 bullfrogs
  A komodo dragon zombie (Crypt:2)
  2 two-headed ogre simulacra (IceCv)
  5 necrophages
  2 gnoll sergeants
  4 cane toad simulacra
  2 earth elementals
  6 wights
  Dowan (D:4)
  5 killer bees (D:9)
  An elephant simulacrum (D:13)
  2 electric eels
  5 howler monkeys
  2 jellies (D:7)
  6 hounds
  26 orc priests
  Crazy Yiuf (D:4)
  7 iguanas
  Ijyb (D:5)
  Natasha (thrice) (D:3)
  Terence (D:2)
  23 orc wizards
  5 troll simulacra (IceCv)
  5 hell rats (Lair:1)
  4 spriggan simulacra
  2 wolf simulacra
  An ice beast zombie (Crypt:1)
  A hound skeleton (Crypt:2)
  6 gnolls
  8 adders
  8 naga simulacra
  A steam dragon zombie (Crypt:1)
  2 white imps
  2 ufetubi
  6 worms
  4 dart slugs
  97 orcs
  8 ball pythons
  10 bats
  7 endoplasms
  4 giant cockroaches
  7 goblins
  4 hobgoblins
  4 quokkas
  3 frilled lizards
  25 kobolds
  An orc zombie (Crypt:2)
  8 rats
  A spectral goblin (D:1)
  4 briar patches
  A snaplasher vine (Vaults:5)
1816 creatures vanquished.

Vanquished Creatures (collateral kills)
  An orb of fire (Zot:5)
  2 ancient liches (Zot:5)
  A Killer Klown (Zot:2)
  A curse toe (Zot:3)
  3 golden dragons
  2 electric golems
  5 tentacled monstrosities
  7 Orb Guardians (Zot:5)
  6 quicksilver dragons
  4 death cobs
  5 shadow dragons
  3 tengu reavers (Vaults:5)
  2 storm dragons
  Roxanne (Elf:3)
  A draconian knight (Zot:2)
  A draconian scorcher (Zot:3)
  3 vault wardens
  An iron dragon (Vaults:5)
  A deep elf sorcerer (Elf:3)
  3 draconian shifters
  A ghoul (Crypt:2)
  A draconian annihilator (Zot:2)
  A stone giant (Vaults:5)
  7 very ugly things
  2 ironbound thunderhulks
  4 green draconians
  4 ironbound preservers
  A deep elf demonologist (Vaults:5)
  A black draconian (Zot:3)
  6 purple draconians
  4 red draconians
  An eidolon (Crypt:2)
  A great orb of eyes (shapeshifter) (Vaults:5)
  A merfolk javelineer (Depths:3)
  2 yaktaur captains (Vaults:5)
  An ettin (Vaults:5)
  An ice dragon (Depths:3)
  5 vault guards (Vaults:5)
  An ogre mage (Vaults:5)
  A death knight (Crypt:2)
  2 deep troll earth magi (Vaults:5)
  A tengu warrior (Depths:2)
  2 hell knights (Vaults:5)
  A skeletal warrior (Crypt:2)
  6 deep trolls
  A necromancer (Vaults:5)
  A phantasmal warrior (Vaults:5)
  3 ugly things
  6 moths of wrath
  3 vault sentinels
  A torpor snail (shapeshifter) (Vaults:5)
  2 yaktaurs (Vaults:3)
  2 large abominations (Crypt:3)
  2 flying skulls (Crypt:3)
  2 water elementals (Depths:3)
  A wraith (Crypt:2)
  3 redbacks (Vaults:5)
  A water moccasin zombie (Crypt:2)
139 creatures vanquished.

Vanquished Creatures (others)
  2 dread liches (Zot:5)
  2 ancient liches
  An orb of fire (Zot:5)
  4 Killer Klowns (Zot:5)
  A golden dragon (Zot:5)
  2 electric golems
  A tentacled monstrosity (Zot:5)
  11 Orb Guardians (Zot:5)
  A quicksilver dragon (Vaults:5)
  2 death cobs
  A tengu reaver (Vaults:5)
  A sphinx (Vaults:5)
  4 storm dragons
  3 shadow dragons (Vaults:5)
  A draconian knight (Zot:5)
  4 fire giants
  A vault warden (Vaults:5)
  A deep elf sorcerer (Vaults:5)
  3 frost giants (Vaults:5)
  3 draconian shifters (Zot:3)
  A draconian stormcaller (Zot:5)
  A ghost moth (shapeshifter) (Vaults:5)
  2 ironbound preservers (Vaults:5)
  A deep elf demonologist (Vaults:5)
  3 stone giants (Vaults:5)
  2 green draconians
  2 deep elf annihilators (Vaults:5)
  An entropy weaver (Vaults:5)
  4 black draconians
  2 red draconians (Zot:5)
  A purple draconian (Zot:5)
  A white draconian (Zot:5)
  A deep elf death mage (Vaults:5)
  A deep elf high priest (Vaults:5)
  An ettin (Vaults:5)
  2 yaktaur captains (Vaults:5)
  14 vault guards (Vaults:5)
  An ogre mage (Vaults:5)
  4 two-headed ogres (Vaults:5)
  23 dancing weapons
  A deep troll earth mage (Vaults:5)
  5 deep trolls
  A wizard (Vaults:4)
  2 phantasmal warriors (Vaults:5)
  3 ironbound convokers
  4 moths of wrath
  2 vault sentinels (Vaults:5)
  A yaktaur (Vaults:4)
  A yaktaur (shapeshifter) (Vaults:5)
  A troll (shapeshifter) (Vaults:5)
  A polar bear (shapeshifter) (Vaults:5)
  5 bloated husks
  A tengu (shapeshifter) (Vaults:5)
  An orc (Orc:1)
  A bush (Lair:4)
  14 foxfires
  21 fungi
  49 plants
  4 snaplasher vines
235 creatures vanquished.

Grand Total: 2190 creatures vanquished

Notes
Turn   | Place    | Note
-------+----------+-------------------------------------------
     0 | D:1      | chickadee the Gnoll Fighter began the quest for the Orb.
     0 | D:1      | Reached XP level 1. HP: 23/23 MP: 1/1
   220 | D:1      | Reached XP level 2. HP: 24/29 MP: 2/2
   437 | D:1      | Found a faded altar of an unknown god.
   803 | D:2      | Reached XP level 3. HP: 33/35 MP: 2/4
   972 | D:2      | Reached skill level 1 in Invocations
  1093 | D:2      | Reached skill level 1 in Short Blades
  1093 | D:2      | Reached skill level 1 in Long Blades
  1093 | D:2      | Reached skill level 1 in Maces & Flails
  1093 | D:2      | Reached skill level 1 in Polearms
  1093 | D:2      | Reached skill level 1 in Staves
  1093 | D:2      | Reached skill level 1 in Ranged Weapons
  1093 | D:2      | Reached skill level 1 in Throwing
  1093 | D:2      | Reached skill level 1 in Dodging
  1093 | D:2      | Reached skill level 1 in Stealth
  1093 | D:2      | Reached skill level 1 in Unarmed Combat
  1093 | D:2      | Reached skill level 1 in Spellcasting
  1093 | D:2      | Reached skill level 1 in Evocations
  1487 | D:2      | Reached XP level 4. HP: 34/41 MP: 5/5
  1544 | D:2      | Noticed Terence
  1559 | D:2      | Killed Terence
  1560 | D:2      | Reached skill level 1 in Conjurations
  1560 | D:2      | Reached skill level 1 in Hexes
  1560 | D:2      | Reached skill level 1 in Summonings
  1560 | D:2      | Reached skill level 1 in Necromancy
  1560 | D:2      | Reached skill level 1 in Translocations
  1560 | D:2      | Reached skill level 1 in Transmutations
  1560 | D:2      | Reached skill level 1 in Fire Magic
  1560 | D:2      | Reached skill level 1 in Ice Magic
  1560 | D:2      | Reached skill level 1 in Air Magic
  1560 | D:2      | Reached skill level 1 in Earth Magic
  1560 | D:2      | Reached skill level 1 in Poison Magic
  1921 | D:2      | Learned a level 1 spell: Slow
  2116 | D:3      | Reached XP level 5. HP: 47/47 MP: 7/7
  2547 | D:3      | Noticed Natasha
  2563 | D:3      | Killed Natasha
  2723 | D:3      | Found an opulent altar of Gozag.
  2727 | D:3      | Became a worshipper of Gozag Ym Sagoz the Greedy
  2747 | D:3      | Found a shimmering altar of Xom.
  2871 | D:3      | Identified the +6 whip "Plog" {holy, rPois Str+4}
  3494 | D:4      | Noticed Duvessa
  3494 | D:4      | Noticed Dowan
  3729 | D:3      | Noticed Natasha
  3737 | D:3      | Killed Natasha
  3925 | D:3      | Noticed Natasha
  3932 | D:3      | Killed Natasha
  3933 | D:3      | Reached XP level 6. HP: 40/53 MP: 8/8
  4061 | D:5      | Entered Level 5 of the Dungeon
  4061 | D:5      | Noticed Sigmund
  4061 | D:5      | Noticed a black bear
  4496 | D:4      | Reached skill level 5 in Axes
  4496 | D:4      | Reached skill level 2 in Dodging
  4698 | D:4      | Found a hazy altar of Hepliaklqana.
  5046 | D:4      | Killed Duvessa
  5047 | D:4      | Reached XP level 7. HP: 42/60 MP: 10/10
  5053 | D:4      | Killed Dowan
  5289 | D:4      | Found a runed translucent door.
  5290 | D:4      | Noticed Crazy Yiuf
  5297 | D:4      | Killed Crazy Yiuf
  5548 | D:5      | Noticed Ijyb
  5565 | D:5      | Killed Ijyb
  5812 | D:5      | Found a staircase to the Ecumenical Temple.
  6064 | Temple   | Entered the Ecumenical Temple
  6572 | D:4      | Reached skill level 3 in Dodging
  6572 | D:4      | Reached XP level 8. HP: 65/67 MP: 12/12
  6785 | D:5      | Killed Sigmund
  7943 | D:6      | Reached XP level 9. HP: 73/73 MP: 14/14
  8008 | D:6      | Reached skill level 4 in Dodging
  8578 | D:7      | Noticed Pikel
  8643 | D:6      | Killed Pikel
  8644 | D:6      | Reached skill level 5 in Invocations
  9949 | D:8      | Reached skill level 5 in Short Blades
  9949 | D:8      | Reached skill level 5 in Long Blades
  9949 | D:8      | Reached skill level 5 in Maces & Flails
  9949 | D:8      | Reached skill level 5 in Polearms
  9949 | D:8      | Reached skill level 5 in Staves
  9949 | D:8      | Reached skill level 5 in Ranged Weapons
  9949 | D:8      | Reached skill level 5 in Throwing
  9949 | D:8      | Reached skill level 5 in Dodging
  9949 | D:8      | Reached skill level 5 in Stealth
  9949 | D:8      | Reached skill level 5 in Unarmed Combat
  9949 | D:8      | Reached skill level 5 in Spellcasting
  9949 | D:8      | Reached skill level 5 in Evocations
  9949 | D:8      | Reached XP level 10. HP: 77/81 MP: 15/17
 10715 | D:8      | Found a staircase to the Lair.
 11080 | D:9      | Noticed a centaur warrior
 11083 | D:9      | Noticed a deep elf pyromancer
 11096 | D:9      | Killed a deep elf pyromancer
 11102 | D:9      | Killed a centaur warrior
 11371 | D:9      | Noticed a seven-headed hydra
 11443 | Lair:1   | Entered Level 1 of the Lair of Beasts
 11614 | Lair:1   | Noticed an eight-headed hydra
 11632 | Lair:1   | Killed an eight-headed hydra
 11691 | Lair:1   | Noticed a cane toad
 11691 | Lair:1   | Noticed a cane toad
 11702 | Lair:1   | Killed a cane toad
 11703 | Lair:1   | Reached skill level 6 in Dodging
 11703 | Lair:1   | Reached skill level 5 in Conjurations
 11703 | Lair:1   | Reached skill level 5 in Hexes
 11703 | Lair:1   | Reached skill level 5 in Summonings
 11703 | Lair:1   | Reached skill level 5 in Necromancy
 11703 | Lair:1   | Reached skill level 5 in Translocations
 11703 | Lair:1   | Reached skill level 5 in Transmutations
 11703 | Lair:1   | Reached skill level 5 in Fire Magic
 11703 | Lair:1   | Reached skill level 5 in Ice Magic
 11703 | Lair:1   | Reached skill level 5 in Air Magic
 11703 | Lair:1   | Reached skill level 5 in Earth Magic
 11703 | Lair:1   | Reached skill level 5 in Poison Magic
 11703 | Lair:1   | Reached XP level 11. HP: 44/89 MP: 10/20
 12669 | Lair:1   | Noticed a seven-headed hydra
 12717 | Lair:1   | Killed a seven-headed hydra
 14232 | Lair:2   | Found a dark tunnel.
 14236 | Lair:2   | Identified the +4 scale mail of Uskayaw's Favour {+Blink
                  | rN+ rCorr Dex-2}
 14262 | Volcano  | Entered a volcano
 14330 | Volcano  | Upgraded the game from 0.29-a0-813-g4a14ea37d6 to
                  | 0.29-a0-824-gd827844252
 14332 | Volcano  | Learned a level 1 spell: Apportation
 14335 | Volcano  | Learned a level 2 spell: Wereblood
 14339 | Volcano  | Learned a level 3 spell: Vampiric Draining
 14360 | Volcano  | Noticed a stone giant
 14365 | Volcano  | Killed a stone giant
 14405 | Volcano  | Reached skill level 7 in Dodging
 14963 | Volcano  | Reached XP level 12. HP: 97/97 MP: 22/22
 15687 | Lair:2   | Noticed Gastronok
 16093 | Lair:2   | Reached skill level 10 in Fighting
 16093 | Lair:2   | Reached skill level 10 in Armour
 16093 | Lair:2   | Reached skill level 10 in Shields
 16575 | Lair:3   | Found a staircase to the Swamp.
 16575 | Lair:3   | Identified the +0 pair of gloves "Baureij" {rF+ rC+ Str+3
                  | Slay+3}
 18512 | Lair:4   | Reached skill level 8 in Dodging
 18877 | Lair:4   | Reached XP level 13. HP: 104/104 MP: 25/25
 20892 | Lair:5   | Found a runed translucent door.
 20893 | Lair:5   | Found a staircase to the Slime Pits.
 20893 | Lair:5   | Noticed an azure jelly
 21694 | Lair:5   | Reached skill level 10 in Axes
 21706 | Lair:5   | Found a sparkling altar of Nemelex Xobeh.
 22061 | Lair:2   | Found a staircase to the Snake Pit.
 22450 | Lair:2   | Learned a level 3 spell: Swiftness
 22733 | Lair:2   | Killed Gastronok
 23261 | D:9      | Identified the ring "Deut Via" {rF- rN++ Int+4 Dex+6}
 23333 | D:9      | Reached skill level 9 in Dodging
 24067 | D:9      | Reached XP level 14. HP: 103/113 MP: 22/27
 24073 | D:9      | Reached skill level 10 in Invocations
 24616 | D:10     | Entered Level 10 of the Dungeon
 24733 | D:10     | Found Taxeff's Armour Shop.
 24772 | D:10     | Found a staircase to the Orcish Mines.
 24774 | D:10     | Found Ufexkiocs's Weapon Shop.
 25506 | D:10     | Noticed Harold
 25525 | D:10     | Killed Harold
 26134 | D:11     | Found Sithol's Pet Rocks.
 26134 | D:11     | You fall into a shaft and drop 2 floors!
 26308 | D:13     | Found a frozen archway.
 26346 | IceCv    | Entered an ice cave
 27304 | IceCv    | Noticed a reaper
 27349 | IceCv    | Killed a reaper
 29371 | D:12     | Noticed Rupert
 29423 | Orc:1    | Entered Level 1 of the Orcish Mines
 29580 | Orc:1    | Paralysed by an orc sorcerer for 5 turns
 30068 | Orc:2    | Entered Level 2 of the Orcish Mines
 30068 | Orc:2    | Found Xeemyrajo's Distillery.
 30087 | Orc:2    | Reached skill level 10 in Short Blades
 30087 | Orc:2    | Reached skill level 10 in Long Blades
 30087 | Orc:2    | Reached skill level 10 in Maces & Flails
 30087 | Orc:2    | Reached skill level 10 in Polearms
 30087 | Orc:2    | Reached skill level 10 in Staves
 30087 | Orc:2    | Reached skill level 10 in Ranged Weapons
 30087 | Orc:2    | Reached skill level 10 in Throwing
 30087 | Orc:2    | Reached skill level 10 in Dodging
 30087 | Orc:2    | Reached skill level 10 in Stealth
 30087 | Orc:2    | Reached skill level 10 in Unarmed Combat
 30087 | Orc:2    | Reached skill level 10 in Spellcasting
 30087 | Orc:2    | Reached skill level 10 in Evocations
 30178 | Orc:2    | Bought a potion of haste for 170 gold pieces
 30178 | Orc:2    | Bought a potion of curing for 51 gold pieces
 30178 | Orc:2    | Bought a potion of haste for 170 gold pieces
 30178 | Orc:2    | Bought a potion of cancellation for 136 gold pieces
 30178 | Orc:2    | Bought a potion of resistance for 170 gold pieces
 30178 | Orc:2    | Bought a potion of heal wounds for 85 gold pieces
 30658 | Orc:1    | Reached XP level 15. HP: 119/120 MP: 29/29
 31171 | Orc:2    | Found Coxt's Antique Weapon Shoppe.
 31176 | Orc:2    | Bought an iridescent flail for 195 gold pieces
 31176 | Orc:2    | Identified the +11 flail of Lust {flame, rC++ Int+2 SInv}
                  | (You bought it in a shop on level 2 of the Orcish Mines)
 31226 | Orc:2    | Found Maewkude's General Store.
 31231 | Orc:2    | Bought a wand of light (4) for 272 gold pieces
 31231 | Orc:2    | Bought a tin of tremorstones (2/2) for 680 gold pieces
 31282 | Orc:2    | Found a staircase to the Elven Halls.
 31349 | Orc:2    | Noticed an orc warlord
 31361 | Orc:2    | Killed an orc warlord
 31534 | Orc:2    | Found Xighen's Antique Armour Shoppe.
 31536 | Orc:2    | Found Oxegium's Antique Weapon Emporium.
 32491 | D:13     | Found a runed translucent gate.
 32491 | D:13     | Found a runed translucent gate.
 32491 | D:13     | Found a runed translucent gate.
 32494 | D:13     | Noticed Kailexub's ghost (journeyman MiFi)
 32909 | D:13     | Killed Kailexub's ghost
 33012 | D:13     | Identified the +7 scimitar of the Fool {elec, rElec rF+
                  | Str+4}
 33390 | D:14     | Found a sparkling altar of Nemelex Xobeh.
 33804 | D:14     | Identified a scroll of acquirement
 33805 | D:14     | Acquired 512 gold pieces
 33814 | D:14     | Found a gate to the Vaults.
 34745 | D:15     | Entered Level 15 of the Dungeon
 35163 | D:15     | Reached XP level 16. HP: 128/129 MP: 27/30
 35181 | D:15     | Reached skill level 11 in Dodging
 35305 | D:15     | Found a transporter.
 35307 | D:15     | Noticed zhov's ghost (journeyman DsFi)
 35319 | D:15     | Found a staircase to the Depths.
 36204 | D:15     | Found a transporter.
 36474 | Snake:1  | Entered Level 1 of the Snake Pit
 36818 | Snake:1  | You fall into a shaft and drop 1 floor!
 38390 | Snake:2  | Noticed Aizul
 38417 | Snake:2  | Killed Aizul
 39328 | Snake:2  | Found Jidil's Distillery.
 39336 | Snake:2  | Bought a potion of haste for 110 gold pieces
 39336 | Snake:2  | Bought a potion of berserk rage for 55 gold pieces
 39442 | Snake:1  | Noticed Mlioglotl
 39519 | Snake:1  | Paralysed by a great orb of eyes for 2 turns
 39536 | Snake:2  | Killed Mlioglotl
 39769 | Lair:2   | Upgraded the game from 0.29-a0-824-gd827844252 to
                  | 0.29-a0-830-gcb1280458a
 40011 | Snake:1  | Learned a level 2 spell: Passwall
 41530 | Snake:3  | Reached XP level 17. HP: 137/137 MP: 32/32
 42002 | Snake:3  | Found Siuwiugu's Armour Emporium.
 42014 | Snake:3  | Reached skill level 10 in Conjurations
 42014 | Snake:3  | Reached skill level 10 in Hexes
 42014 | Snake:3  | Reached skill level 10 in Summonings
 42014 | Snake:3  | Reached skill level 10 in Necromancy
 42014 | Snake:3  | Reached skill level 10 in Translocations
 42014 | Snake:3  | Reached skill level 10 in Transmutations
 42014 | Snake:3  | Reached skill level 10 in Fire Magic
 42014 | Snake:3  | Reached skill level 10 in Ice Magic
 42014 | Snake:3  | Reached skill level 10 in Air Magic
 42014 | Snake:3  | Reached skill level 10 in Earth Magic
 42014 | Snake:3  | Reached skill level 10 in Poison Magic
 42115 | Snake:3  | Bought the +8 plate armour "Cickuagh" {rF+} for 1078 gold
                  | pieces
 42115 | Snake:3  | Found Yrhusar's Antique Weapon Shoppe.
 43020 | Snake:4  | Entered Level 4 of the Snake Pit
 43366 | Snake:4  | Reached skill level 12 in Dodging
 43960 | Snake:4  | Found Lum Niul's Armour Boutique.
 45708 | Snake:4  | Got a serpentine rune of Zot
 46217 | Lair:2   | Upgraded the game from 0.29-a0-830-gcb1280458a to
                  | 0.29-a0-834-g1e95ca9f62
 46264 | Swamp:1  | Entered Level 1 of the Swamp
 46438 | Lair:3   | Reached XP level 18. HP: 118/145 MP: 29/34
 48090 | Swamp:2  | Identified the +1 scale mail of Fukler {rElec}
 49258 | Swamp:4  | Entered Level 4 of the Swamp
 49524 | Swamp:3  | Reached skill level 13 in Dodging
 50969 | Swamp:4  | Reached XP level 19. HP: 153/153 MP: 36/36
 52530 | Swamp:4  | Got a decaying rune of Zot
 52761 | Lair:3   | Upgraded the game from 0.29-a0-834-g1e95ca9f62 to
                  | 0.29-a0-857-g9b1aa3ac5b
 53106 | D:12     | Killed Rupert
 53546 | Elf:1    | Entered Level 1 of the Elven Halls
 53787 | Elf:1    | Paralysed by an air elemental for 1 turns
 54378 | Elf:1    | Got Cigotuvi's Parchment of Despicable Rituals
 54436 | Elf:1    | Found Kotos's Jewellery Emporium.
 54444 | Elf:1    | Bought the amulet of Nihilism {rElec rF+ Regen+ rCorr} for
                  | 792 gold pieces
 54465 | Elf:1    | Learned a level 4 spell: Passage of Golubria
 54481 | Elf:1    | Bought the ring of Lobluj {rElec rPois Dex+3} for 564 gold
                  | pieces
 55134 | Elf:2    | Reached skill level 15 in Fighting
 55134 | Elf:2    | Reached skill level 15 in Armour
 55134 | Elf:2    | Reached skill level 15 in Shields
 55398 | Elf:2    | Found Jypyt's Weapon Boutique.
 55566 | Elf:2    | Found a runed translucent gate.
 55566 | Elf:2    | Found a runed translucent gate.
 55577 | Elf:2    | Found a runed translucent gate.
 55871 | Elf:2    | Reached skill level 14 in Dodging
 56148 | Elf:2    | Reached skill level 15 in Invocations
 56533 | Elf:2    | Reached XP level 20. HP: 162/162 MP: 37/37
 56859 | Vaults:1 | Entered Level 1 of the Vaults
 56888 | Vaults:1 | Noticed Zenata
 56963 | Vaults:2 | Noticed Donald
 56984 | Vaults:2 | Killed Donald
 57030 | Vaults:2 | Noticed Sojobo
 57038 | Vaults:2 | Paralysed by an air elemental for 1 turns
 57062 | Vaults:2 | Killed Sojobo
 57148 | Vaults:2 | Found a flickering gateway to a bazaar.
 57154 | Bazaar   | Entered a bazaar
 57174 | Bazaar   | Found Heacopuotu's Armour Emporium.
 57190 | Bazaar   | Found Geomnuwn's Magic Scroll Shoppe.
 57246 | Bazaar   | Found Jyrasosu's Armour Emporium.
 57289 | Bazaar   | Bought the +1 pair of boots of Analysis {Fly rC+} for 358
                  | gold pieces
 57314 | Bazaar   | Bought a scroll of blinking for 60 gold pieces
 57314 | Bazaar   | Bought a scroll of teleportation for 24 gold pieces
 57314 | Bazaar   | Bought a scroll of blinking for 60 gold pieces
 57314 | Bazaar   | Bought a scroll of poison for 32 gold pieces
 57314 | Bazaar   | Bought a scroll of fog for 32 gold pieces
 57610 | Vaults:2 | Found a large runed translucent door.
 57610 | Vaults:2 | Found a large runed translucent door.
 57610 | Vaults:2 | Noticed Cecillian's ghost (adept GnHu)
 57890 | Vaults:2 | Noticed Asterion
 57903 | Vaults:2 | Killed Asterion
 58501 | Vaults:2 | Found a staircase to the Crypt.
 58501 | Vaults:2 | Found a basalt altar of Yredelemnul.
 58502 | Vaults:2 | Found an ancient bone altar of Kikubaaqudgha.
 58565 | Vaults:2 | Reached skill level 15 in Dodging
 58590 | Vaults:2 | Reached skill level 15 in Axes
 59132 | Vaults:2 | Noticed Bai Suzhen
 59149 | Vaults:2 | Killed Bai Suzhen
 59334 | Vaults:2 | Killed Cecillian's ghost
 59935 | Vaults:3 | Reached XP level 21. HP: 170/170 MP: 39/39
 59966 | Vaults:3 | Found Xetog's Assorted Antiques.
 59974 | Vaults:3 | Bought a condenser vane for 960 gold pieces
 59974 | Vaults:3 | Bought a potion of curing for 72 gold pieces
 60004 | Vaults:3 | Learned a level 5 spell: Borgnjor's Vile Clutch
 60010 | Vaults:3 | Learned a level 5 spell: Summon Forest
 60016 | Vaults:3 | Learned a level 5 spell: Summon Mana Viper
 60022 | Vaults:3 | Learned a level 5 spell: Yara's Violent Unravelling
 60400 | Vaults:3 | Learned a level 5 spell: Fireball
 60617 | Vaults:3 | Found Quatoc's Armour Shoppe.
 61218 | Crypt:1  | Entered Level 1 of the Crypt
 61409 | Crypt:1  | You are sucked into a shaft and drop 1 floor!
 61433 | Crypt:2  | Reached skill level 16 in Dodging
 62778 | Crypt:2  | Reached skill level 15 in Short Blades
 62778 | Crypt:2  | Reached skill level 15 in Long Blades
 62778 | Crypt:2  | Reached skill level 15 in Maces & Flails
 62778 | Crypt:2  | Reached skill level 15 in Polearms
 62778 | Crypt:2  | Reached skill level 15 in Staves
 62778 | Crypt:2  | Reached skill level 15 in Ranged Weapons
 62778 | Crypt:2  | Reached skill level 15 in Throwing
 62778 | Crypt:2  | Reached skill level 15 in Stealth
 62778 | Crypt:2  | Reached skill level 15 in Unarmed Combat
 62778 | Crypt:2  | Reached skill level 15 in Spellcasting
 62778 | Crypt:2  | Reached skill level 15 in Evocations
 63152 | Crypt:3  | Entered Level 3 of the Crypt
 63379 | Crypt:3  | Identified the +8 flail of Deformation {antimagic, *Rage
                  | +Blink Will+}
 63638 | Crypt:3  | Found a basalt altar of Yredelemnul.
 63735 | Crypt:3  | Paralysed by a vampire knight for 5 turns
 64310 | Crypt:3  | Reached XP level 22. HP: 179/179 MP: 41/41
 64339 | Crypt:3  | Noticed a profane servitor
 64363 | Crypt:3  | Killed a profane servitor
 64540 | Crypt:3  | Identified the ring of Liberty {rN+ rCorr}
 64540 | Crypt:3  | Identified the ring "Daarul" {Fly rPois rN+ Str-4 Dex+2}
 64588 | Crypt:3  | Noticed Frederick
 64612 | Crypt:3  | Killed Frederick
 64670 | Crypt:3  | Found a staircase to the Tomb.
 64675 | Crypt:3  | Found the +4 dagger "Morg" {pain, Will+ Int+5}
 64684 | Crypt:3  | Identified the +5 shortbow of Ragnarok {vorpal, rElec rC+}
 64686 | Crypt:3  | Got Luast's Compendium of Peregrination
 64741 | Crypt:3  | Reached skill level 17 in Dodging
 66663 | Elf:3    | Entered Level 3 of the Elven Halls
 66751 | Elf:3    | Noticed Roxanne
 66765 | Elf:3    | Killed Roxanne
 67782 | Elf:3    | Identified the +0 leather armour of Sunlight {rCorr Int+9
                  | Slay-4}
 68164 | Elf:3    | Identified the +10 rapier of Equilibrium {drain, rElec
                  | SInv}
 68195 | Elf:3    | Found the +3 greatsling "Punk" {acid, rCorr}
 68198 | Elf:3    | Got Ygem's Lectures on Changing and Pestilence
 68715 | Depths:1 | Entered Level 1 of the Depths
 68718 | Depths:1 | Found an opulent altar of Gozag.
 68930 | Depths:1 | Found a gateway to Hell.
 69587 | Depths:1 | Reached XP level 23. HP: 176/187 MP: 42/42
 69643 | Depths:2 | Found a one-way gateway to a ziggurat.
 69643 | Depths:2 | Noticed an ancient lich
 69643 | Depths:2 | Noticed an ancient lich
 69676 | Depths:2 | Reached skill level 18 in Dodging
 69894 | Depths:2 | Noticed a caustic shrike
 69911 | Depths:2 | Killed a caustic shrike
 70235 | Depths:2 | Found a one-way gate leading to the halls of Pandemonium.
 70329 | Depths:2 | Identified the +3 leather armour "Zilipub" {rN+}
 70439 | Depths:2 | Noticed Vv
 70439 | Depths:2 | Noticed Mara
 70471 | Depths:2 | Killed Vv
 70704 | Depths:2 | Noticed Nikola
 70732 | Depths:2 | Killed Nikola
 71627 | Depths:3 | Noticed a caustic shrike
 71636 | Depths:3 | Killed a caustic shrike
 71722 | Depths:3 | Identified the +11 arbalest "Ceruq" {penet, +Blink rF-
                  | Int+3}
 71789 | Depths:3 | Noticed a golden dragon
 71806 | Depths:3 | Killed a golden dragon
 71819 | Depths:3 | Identified the +7 short sword "Nyfracwo" {vorpal, Int+4}
 72251 | Depths:3 | Reached XP level 24. HP: 195/195 MP: 43/43
 72725 | Depths:3 | Reached skill level 19 in Dodging
 72805 | Depths:3 | Identified the ring of Zaeguz {Drain rElec MP+9 Str+8
                  | Stlth-}
 72872 | Depths:3 | Noticed a juggernaut
 72884 | Depths:3 | Killed a juggernaut
 72885 | Depths:3 | Reached XP level 25. HP: 201/203 MP: 39/43
 72984 | Depths:3 | Identified the +10 plate armour of Orthodoxy {rPois rC+
                  | MP+9 Int+4}
 73464 | Depths:4 | Entered Level 4 of the Depths
 73571 | Depths:3 | Found a one-way gate to the infinite horrors of the Abyss.
 73607 | Depths:3 | Found the +10 Black Knight's barding {ponderous, rPois rN+}
 75049 | Depths:4 | Found a gate to the Realm of Zot.
 75395 | Depths:4 | Upgraded the game from 0.29-a0-857-g9b1aa3ac5b to
                  | 0.29-a0-870-g2c972031a6
 75814 | Vaults:4 | Identified the +6 chain mail of Musi {-Tele Contam Int+8
                  | SInv}
 76712 | Vaults:4 | Found Icoufuane's Armour Emporium.
 77125 | Vaults:5 | Entered Level 5 of the Vaults
 77239 | Vaults:5 | Identified the ring of the Ban {rElec SInv}
 77280 | Vaults:5 | Identified the +5 falchion of Ointment {venom, rF+ Dex+2}
 77288 | Vaults:5 | Noticed an ancient lich
 77438 | Vaults:5 | Reached skill level 20 in Dodging
 77749 | Vaults:5 | Killed an ancient lich
 77934 | Vaults:5 | Found Qiuhi's Assorted Antiques.
 78395 | Vaults:5 | Found Cabbiass's Assorted Antiques.
 78395 | Vaults:5 | Identified the +6 mace of Haunted Tender Mercy {freeze,
                  | Str+7 Int+3}
 78410 | Vaults:5 | Identified the +0 pair of boots of Xuahi {Fly Int+4}
 78526 | Vaults:5 | Got a silver rune of Zot
 79069 | Vaults:5 | Identified the ring "Lyxkenot" {rC+ Int+6 Stlth+}
 79133 | Vaults:5 | Learned a level 6 spell: Death Channel
 79140 | Vaults:5 | Learned a level 6 spell: Summon Cactus Giant
 79141 | Vaults:5 | Noticed a dread lich
 79217 | Vaults:5 | Identified the +11 rapier of Dotwun {venom, Str+4}
 79290 | Vaults:5 | Found Miunoice's Antique Armour Shop.
 80056 | Zot:1    | Entered Level 1 of the Realm of Zot
 80056 | Zot:1    | Noticed a Killer Klown
 80056 | Zot:1    | Noticed a Killer Klown
 80056 | Zot:1    | Noticed a Killer Klown
 80056 | Zot:1    | Noticed a dread lich
 80069 | Depths:4 | Killed a Killer Klown
 80097 | Depths:4 | Killed a dread lich
 80304 | Depths:4 | Killed a Killer Klown
 80411 | Depths:4 | Killed a Killer Klown
 80558 | Zot:1    | Reached XP level 26. HP: 155/213 MP: 44/44
 80800 | Zot:1    | Found a transporter.
 81041 | Zot:1    | You are sucked into a shaft and drop 1 floor!
 81869 | Zot:2    | Reached skill level 15 in Conjurations
 81869 | Zot:2    | Reached skill level 15 in Hexes
 81869 | Zot:2    | Reached skill level 15 in Summonings
 81869 | Zot:2    | Reached skill level 15 in Necromancy
 81869 | Zot:2    | Reached skill level 15 in Translocations
 81869 | Zot:2    | Reached skill level 15 in Transmutations
 81869 | Zot:2    | Reached skill level 15 in Fire Magic
 81869 | Zot:2    | Reached skill level 15 in Ice Magic
 81869 | Zot:2    | Reached skill level 15 in Air Magic
 81869 | Zot:2    | Reached skill level 15 in Earth Magic
 81869 | Zot:2    | Reached skill level 15 in Poison Magic
 82023 | Zot:2    | Noticed a Killer Klown
 82032 | Zot:2    | Killed a Killer Klown
 83186 | Zot:3    | Reached skill level 21 in Dodging
 84927 | Zot:5    | Entered Level 5 of the Realm of Zot
 85111 | Zot:5    | Noticed an ancient lich
 85111 | Zot:5    | Noticed an orb of fire
 85113 | Zot:5    | Noticed a dread lich
 85128 | Zot:5    | Killed a Killer Klown
 85209 | Zot:5    | Killed an ancient lich
 85463 | Zot:5    | Noticed a dread lich
 85468 | Zot:5    | Noticed an ancient lich
 85553 | Zot:5    | Noticed a Killer Klown
 85558 | Zot:5    | Noticed a Killer Klown
 85559 | Zot:5    | Noticed a Killer Klown
 85559 | Zot:5    | Noticed an orb of fire
 85560 | Zot:5    | Noticed a Killer Klown
 85565 | Zot:5    | Killed a Killer Klown
 85571 | Zot:5    | Killed a Killer Klown
 85572 | Zot:5    | Noticed an ancient lich
 85649 | Zot:5    | Killed an orb of fire
 85660 | Zot:5    | Killed an ancient lich
 85745 | Zot:5    | Got the Orb of Zot
 85784 | Zot:5    | Killed an ancient lich
 85954 | Depths:2 | Reached XP level 27. HP: 197/221 MP: 45/45
 86260 | D:$      | Escaped with the Orb!

Illustrated notes

Levels and vault maps discovered:
D:1:      dpeg_arrival_rooms_c, layout_rooms,
          dreamdust_ecumenical_altar_drowned_temple
D:2:      layout_basic, chequers_jeans, uniq_terence
D:3:      minmay_razor_zed, layout_loops_ring, mainiacjoe_overflow_swirl,
          dk_vineyard_2, nicolae_hexahallways, minmay_unequal, uniq_natasha
D:4:      layout_basic, nicolae_hepliaklqana_hippocampus,
          uniq_crazy_yiuf_cottage, uniq_duvessa
D:5:      layout_cave_pods, minmay_temple_entry_proselytizer, uniq_ijyb,
          uniq_sigmund
D:6:      layout_loops_ring
D:7:      layout_basic, uniq_pikel
D:8:      layout_basic, dpeg_oklobed_lair, minmay_increasing_density
D:9:      minmay_diamond_stairs, layout_layer_cave, minmay_quadrilaterals
D:10:     minmay_wavy_crystal, layout_loops_ring, orc_david_3,
          minmay_rotating_lava, uniq_harold
D:11:     layout_rooms, serial_corexii_hall, chequers_hall_statues_y,
          corexii_hall_statues_l, guppyfry_shop_earth
D:12:     layout_cave_pods, statue_in_the_mist_lemuel, uniq_rupert
D:13:     layout_loops_ring, portal_ice_cave_entry_ice_simulacra,
          gammafunk_ghost_hydra_chop
D:14:     layout_stronghold, erik_vaults_2, nemelex_diamond_rough_becter,
          minivault_15
D:15:     hangedman_depths_entry_try_elsewhere_first, layout_irregular_city,
          chequers_hall_statues_wall_a, gammafunk_ghost_mausoleum,
          chequers_serial_rivers_room_a, nrook_guardian_serpent_double
Temple:   nicolae_temple_bog_church
Lair:1:   layout_misc_corridors, serial_bayou_shore_a
Lair:2:   layout_layer_cave, guppyfry_snake_entry_island,
          nicolae_volcano_entry_hallway, infiniplex_staircase_pool,
          grunt_megastairs_2, uniq_gastronok
Lair:3:   layout_hall_layers, swamp_mist_pool, grunt_megastairs_3
Lair:4:   layout_layer_cave
Lair:5:   layout_cave_shapes, slime_entry_2, basic_altar, lemuel_fruit_tree
Swamp:1:  layout_falls_marsh, evilmike_swamp_ruin_house_4
Swamp:2:  layout_basic_swamp, evilmike_swamp_ruin_house_6,
          nicolae_swamp_no_escape
Swamp:3:  layout_basic_swamp, evilmike_swamp_ruin_house_2
Swamp:4:  nzn_swamp_witches_coven, layout_basic_swamp
Snake:1:  layout_misc_corridors, uniq_mlioglotl
Snake:2:  layout_gridlike, serial_shops, nicolae_shop_crystal, uniq_aizul,
          uniq_vashnia
Snake:3:  layout_layer_cave, hangedman_snake_pattern, minmay_shoptagon
Snake:4:  johnstein_snake_rune_scales, layout_cave_town, serial_shops,
          shop_statue
Orc:1:    layout_caves
Orc:2:    grunt_orc_community_town_hall, layout_diamond_mine,
          grunt_orc_community_big_house_2, grunt_orc_community_big_house_2,
          grunt_orc_community_house_3, grunt_orc_community_house_3,
          grunt_orc_community_house_3, grunt_orc_community_house_1,
          serial_shops, shop, roderic_batcave, nicolae_orc_crystal_geode
Elf:1:    eino_elf_arrival_customs, layout_onion_city, serial_shops,
          nicolae_diamond_shop, minmay_elf_necromancy, roderic_roman_lattice
Elf:2:    elven_hall_of_blades_hangedman_original
          [nicolae_blade_entry_pointy_end], layout_geoelf_diagonals,
          serial_shops, nicolae_shop_stone, nicolae_elf_variegated_diamond
Elf:3:    elf_hall, layout_onion_city, uniq_roxanne
Vaults:1: v_misc_27, vaults_room_hallway, ontoclasm_vaults_tryst, v_misc_27,
          v_misc_23, layout_vaults_omnigrid, uniq_zenata
Vaults:2: advil_vaults_ghost_guards, ontoclasm_vaults_decontamination,
          nicolae_vaults_little_ls, v_misc_29, minmay_crypt_entry_necro_gods,
          vaults_dpeg_spiral, v_misc_28, grunt_vaults_hallway_short,
          ontoclasm_vaults_loading_screen, ontoclasm_vaults_water_temple,
          ontoclasm_vaults_ring_square, v_misc_2, nicolae_vaults_shelves_hall,
          v_misc_5, layout_vaults_omnicross, serial_shops, bzr_entry_road,
          uniq_asterion, uniq_donald, uniq_sojobo, uniq_bai_suzhen
Vaults:3: ontoclasm_vaults_fault, nicolae_vaults_network_quincunx
          [nicolae_vaults_network_quincunx_subvault,
          nicolae_vaults_network_quincunx_subvault,
          nicolae_vaults_network_quincunx_subvault,
          nicolae_vaults_network_quincunx_subvault,
          nicolae_vaults_network_quincunx_subvault], v_pattern_5,
          vaults_room_large_hall, hangedman_vaults_impose,
          ontoclasm_vaults_ligature, grunt_vaults_twisty, v_misc_19,
          nicolae_vaults_back_hallway, nicolae_vaults_mini_display_case,
          vaults_mumra_hexcomb, layout_vaults_maze_snakey, serial_shops,
          nicolae_shop_crystal, nicolae_lakefront_shop
Vaults:4: grunt_vaults_trifunnel, ontoclasm_vaults_ring_square,
          nicolae_vaults_arrows, nicolae_vaults_specimen_jars, v_alt_pattern_3,
          nicolae_vaults_angled_halls, vaults_room_grid,
          layout_vaults_chaotic_city, serial_shops, nicolae_shop_hallway_plus
Vaults:5: serial_shops
Crypt:1:  layout_chaotic_city, grunt_ministairs_13, lemuel_nasty_fountain,
          lemuel_upstairs_altar
Crypt:2:  layout_chaotic_city, st_stairs_12, grunt_megastairs_4
Crypt:3:  grunt_crypt_end_deaths_head, uniq_frederick
Depths:1: layout_basic, hell_entry, kennysheep_minor_cross, hex_tiny,
          nicolae_gozag_cash_rules_everything_around_me, serial_bayou_shore_b
Depths:2: minmay_mutant_horseshoe, layout_gridlike, enter_ziggurat_c,
          pf_vacation_house_of_asmodeus, rand_demon_pan_entry_8,
          minmay_misc_feat_hallway, uniq_vv, uniq_mara, uniq_nikola
Depths:3: box_level_dp, abyss_entry, hell_entry
Depths:4: evilmike_zot_entry_argh, layout_twisted_cross, abyss_entry,
          serial_bayou_lagoon_a, hell_entry
Zot:1:    ebering_klown_carousel, layout_misc_corridors, nicolae_diode_basic
Zot:2:    layout_misc_corridors, nicolae_lava_and_water
Zot:3:    layout_gridlike, zot_minivault_5
Zot:4:    grunt_deathspiral_small, layout_cathedral_of_symmetry,
          ebering_ghost_reflecting_pool, grunt_ministairs_4
Zot:5:    layout_basic

Skill      XL: |  1  2  3  4  5  6  7  8  9 10 11 12 13 14 15 16 17 18 19 20 21 22 23 24 25 26 |
---------------+-------------------------------------------------------------------------------+-----
Invocations    | 1 2 3 4 5 6 7 8 9 10 11 12 13 14 15 16 17 18 19 | 19.6
Short Blades   | 1 2 3 5 6 7 8 9 10 11 12 13 14 15 16 17 18 | 18.1
Long Blades    | 1 2 3 5 6 7 8 9 10 11 12 13 14 15 16 17 18 | 18.1
Maces & Flails | 1 2 3 5 6 7 8 9 10 11 12 13 14 15 16 17 18 | 18.1
Polearms       | 1 2 3 5 6 7 8 9 10 11 12 13 14 15 16 17 18 | 18.1
Staves         | 1 2 3 5 6 7 8 9 10 11 12 13 14 15 16 17 18 | 18.1
Ranged Weapons | 1 2 3 5 6 7 8 9 10 11 12 13 14 15 16 17 19 20 | 20.4
Throwing       | 1 2 3 5 6 7 8 9 10 11 12 13 14 15 16 17 18 | 18.1
Dodging        | 1 2 3 5 6 7 8 9 10 11 12 13 14 15 16 17 18 19 20 21 | 21.5
Stealth        | 1 2 3 5 6 7 8 9 10 11 12 13 14 15 16 17 18 | 18.1
Unarmed Combat | 1 2 3 5 6 7 8 9 10 11 12 13 14 15 16 17 18 | 18.1
Spellcasting   | 1 2 3 5 6 7 8 9 10 11 12 13 14 15 16 17 18 | 18.1
Evocations     | 1 2 3 5 6 7 8 9 10 11 12 13 14 15 16 17 18 | 18.1
Conjurations   | 1 2 3 4 5 6 7 8 9 10 11 12 13 14 15 | 15.4
Hexes          | 1 2 3 4 5 6 7 8 9 10 11 12 13 14 15 | 15.4
Summonings     | 1 2 3 4 5 6 7 8 9 10 11 12 13 14 15 | 15.4
Necromancy     | 1 2 3 4 5 6 7 8 9 10 11 12 13 14 15 | 15.4
Translocations | 1 2 3 4 5 6 7 8 9 10 11 12 13 14 15 | 15.4
Transmutations | 1 2 3 4 5 6 7 8 9 10 11 12 13 14 15 | 15.4
Fire Magic     | 1 2 3 4 5 6 7 8 9 10 11 12 13 14 15 | 15.4
Ice Magic      | 1 2 3 4 5 6 7 8 9 10 11 12 13 14 15 | 15.4
Air Magic      | 1 2 3 4 5 6 7 8 9 10 11 12 13 14 15 | 15.4
Earth Magic    | 1 2 3 4 5 6 7 8 9 10 11 12 13 14 15 | 15.4
Poison Magic   | 1 2 3 4 5 6 7 8 9 10 11 12 13 14 15 | 15.4
Axes           | 5 6 7 8 9 10 11 12 13 14 15 16 17 18 19 20 | 20.5
Fighting       | 7 8 9 10 11 12 13 14 15 16 17 18 19 | 19.1
Armour         | 7 8 9 10 11 12 13 14 15 16 17 19 20 | 20.3
Shields        | 7 8 9 10 11 12 13 14 15 16 17 18 19 | 19.1

Action                   |  1- 3 |  4- 6 |  7- 9 | 10-12 | 13-15 | 16-18 | 19-21 | 22-24 | 25-27 || total
-------------------------+-------+-------+-------+-------+-------+-------+-------+-------+-------++-------
Melee: War axe           |    69 |    70 |       |       |       |       |       |       |       ||   139
       Bite              |     5 |    11 |    51 |   149 |   250 |   141 |   268 |   196 |   183 ||  1254
       Whip              |       |    85 |   422 |   930 |   971 |       |       |       |       ||  2408
       Unarmed           |       |       |       |     4 |       |       |       |    12 |       ||    16
       Demon trident     |       |       |       |       |   720 |  1397 |  1699 |  1114 |   849 ||  5779
       Scimitar          |       |       |       |       |       |    47 |    23 |       |       ||    70
       Flail             |       |       |       |       |       |       |    78 |    27 |    13 ||   118
       Dagger            |       |       |       |       |       |       |       |    73 |       ||    73
Throw: Stone             |       |     1 |     2 |    26 |       |       |       |       |       ||    29
       Dart              |       |     3 |    11 |    33 |   123 |       |     3 |       |     1 ||   174
       Boomerang         |       |       |       |    43 |    14 |   195 |    50 |    36 |    17 ||   355
       Javelin           |       |       |       |       |       |     1 |     5 |       |     2 ||     8
 Cast: Slow              |       |     7 |       |       |       |       |       |       |       ||     7
       Wereblood         |       |       |       |     4 |    32 |    18 |    43 |    22 |    10 ||   129
       Apportation       |       |       |       |       |     7 |       |       |     1 |     2 ||    10
       Passwall          |       |       |       |       |       |     1 |       |       |       ||     1
       Vampiric Draining |       |       |       |       |       |     1 |       |       |       ||     1
       Passage of Golubr |       |       |       |       |       |       |     2 |       |       ||     2
       Swiftness         |       |       |       |       |       |       |     1 |       |       ||     1
       Summon Mana Viper |       |       |       |       |       |       |    27 |    26 |     3 ||    56
       Borgnjor's Vile C |       |       |       |       |       |       |     6 |    12 |     4 ||    22
       Summon Forest     |       |       |       |       |       |       |     5 |     6 |     2 ||    13
       Fireball          |       |       |       |       |       |       |       |     3 |       ||     3
       Death Channel     |       |       |       |       |       |       |       |       |     4 ||     4
Invok: Potion Petition   |       |       |       |     3 |     1 |     2 |       |     1 |       ||     7
       Bribe Branch      |       |       |       |       |       |       |       |       |     6 ||     6
Evoke: Wand              |       |     3 |     2 |     5 |    14 |     8 |    13 |     3 |    18 ||    66
       Tin of tremorston |       |       |       |       |     3 |     3 |     6 |       |     1 ||    13
       Phial of floods   |       |       |       |       |       |     2 |     3 |     1 |     1 ||     7
       Condenser vane    |       |       |       |       |       |       |     1 |     3 |     2 ||     6
       Phantom mirror    |       |       |       |       |       |       |       |     3 |     1 ||     4
       Box of beasts     |       |       |       |       |       |       |       |       |     1 ||     1
  Use: Scroll            |       |    11 |     2 |    10 |    16 |    11 |     8 |     1 |    15 ||    74
       Potion            |       |       |       |     6 |     4 |    10 |     3 |     3 |    13 ||    39
 Stab: Invisible         |       |       |     6 |     1 |     2 |     1 |     3 |     2 |    10 ||    25
       Distracted        |       |       |       |     4 |     5 |    13 |    20 |    24 |    31 ||    97
       Petrified         |       |       |       |       |     5 |       |       |       |       ||     5
       Paralysed         |       |       |       |       |       |     2 |     2 |       |     9 ||    13
       Confused          |       |       |       |       |       |       |     1 |       |       ||     1
       Sleeping          |       |       |       |       |       |       |     3 |     6 |     4 ||    13
Armor: Scale mail        |    19 |    13 |   106 |       |       |       |       |       |       ||   138
       Ring mail         |       |    26 |    42 |       |       |       |       |       |       ||    68
       Plate armour      |       |       |    10 |   470 |   698 |   507 |   391 |   207 |   271 ||  2554
       Skin              |       |       |       |     2 |       |       |       |    40 |       ||    42
Dodge: Dodged            |    29 |    49 |   179 |   254 |   456 |   297 |   390 |   273 |   325 ||  2252
Block: Buckler           |    14 |    35 |   106 |   224 |   347 |       |       |       |       ||   726
       Kite shield       |       |       |       |       |    34 |   742 |   885 |   540 |   509 ||  2710

Table legend: (Time is in decaauts)
 A = Elapsed time spent in this place.
 B = Non-inter-level travel time spent in this place.
 C = Inter-level travel time spent in this place.
 D = Time resting spent in this place.
 E = Time spent auto-exploring this place.
 F = Levels seen in this place.
 G = Mean time per level.
                   A        B        C        D        E       F      G
               +--------+--------+--------+--------+--------+-----+--------+
         Total |  84295 |  72723 |  11572 |  15442 |  37077 |  54 | 1561.0 |
       Dungeon |  23121 |  18909 |   4212 |   2952 |  11314 |  15 | 1541.4 |
        Temple |    186 |    165 |     21 |      0 |    147 |   1 |  186.0 |
          Lair |  11072 |  10240 |    832 |   3704 |   4267 |   5 | 2214.4 |
         Swamp |   6343 |   6016 |    327 |   1930 |   2919 |   4 | 1585.8 |
     Snake Pit |   9283 |   8093 |   1190 |   2569 |   3285 |   4 | 2320.8 |
  Orcish Mines |   1920 |   1761 |    159 |    335 |    867 |   2 |  960.0 |
   Elven Halls |   4978 |   4383 |    595 |    427 |   2430 |   3 | 1659.3 |
        Vaults |   9345 |   7734 |   1611 |    584 |   4524 |   5 | 1869.0 |
         Crypt |   3669 |   3447 |    222 |     36 |   2200 |   3 | 1223.0 |
        Depths |   6715 |   5552 |   1163 |    421 |   3547 |   4 | 1678.8 |
           Zot |   5351 |   4116 |   1235 |   1659 |   1330 |   5 | 1070.2 |
        Bazaar |    244 |    244 |      0 |      0 |     60 |   1 |  244.0 |
      Ice Cave |   1227 |   1227 |      0 |    414 |    172 |   1 | 1227.0 |
       Volcano |    834 |    834 |      0 |    407 |     14 |   1 |  834.0 |
               +--------+--------+--------+--------+--------+-----+--------+

Top non-repeatable levels by time:
Depths:3: 2993 daAuts
 Snake:2: 2939 daAuts
 Snake:4: 2799 daAuts
  Lair:2: 2704 daAuts
 Snake:3: 2566 daAuts
  Lair:1: 2547 daAuts
Vaults:5: 2491 daAuts
Vaults:2: 2303 daAuts
     D:3: 2264 daAuts
 Swamp:3: 2249 daAuts
    D:10: 2226 daAuts
  Lair:4: 2211 daAuts
 Swamp:4: 2060 daAuts
     D:9: 2000 daAuts
    D:14: 1936 daAuts
